 Dungeon Crawl Stone Soup version 0.21.1-1-g345015f (webtiles) character file.

18344 sankara the Basher (level 12, 113/113 HPs)
             Began as a Minotaur Fighter on Feb 17, 2018.
             Was a High Priest of Okawaru.
             Got out of the dungeon alive.
             The game lasted 00:54:12 (15458 turns).

sankara the Basher (Minotaur Fighter)              Turns: 15458, Time: 00:54:12

Health: 113/113    AC: 19    Str: 22    XL:     12   Next: 26%
Magic:  18/18      EV: 10    Int:  8    God:    Okawaru [*****.]
Gold:   768        SH: 12    Dex: 11    Spells: 15/19 levels left

rFire    + . .     SeeInvis .   a - +2 whip (elec)
rCold    + . .     Gourm    .   c - +0 shield
rNeg     + . .     Faith    .   I - +7 Kryia's mail coat {PotionHeal*2 rC+}
rPois    +         Spirit   .   (helmet restricted)
rElec    .         Reflect  .   (no cloak)
rCorr    .         Harm     .   A - +0 pair of gloves of Love and Death {rF+ Stlth+}
MR       .....                  g - +0 pair of boots
Stlth    +.........             B - amulet of magic regeneration
HPRegen  0.28/turn              Q - ring of positive energy {rN+}
MPRegen  0.41/turn              M - ring of poison resistance {rPois, !d}

@: no status effects
A: retaliatory headbutt, horns 2, rugged brown scales 1, high mp 1
a: Heroism, Finesse, Renounce Religion


You escaped.
You worshipped Okawaru.
Okawaru was extremely pleased with you.
You were very hungry.

You visited 3 branches of the dungeon, and saw 14 of its levels.

You collected 768 gold pieces.

Inventory:

Hand Weapons
 a - a +2 whip of electrocution (weapon)
   (You took it off a kobold on level 11 of the Dungeon)
 b - a +0 hunting sling
   (You found it on level 2 of the Dungeon)
Missiles
 e - 70 sling bullets
 i - 511 stones (quivered)
 H - 74 poisoned needles
 K - 6 tomahawks
 W - 5 needles of sleeping
 X - 2 throwing nets {=f, !d}
Armour
 c - a +0 shield (worn)
 g - a +0 pair of boots (worn)
   (You found it on level 11 of the Dungeon)
 A - the +0 pair of gloves of Love and Death (worn) {rF+ Stlth+}
   (You found it on level 11 of the Dungeon)

   It protects you from fire.
   It makes you more stealthy.
 I - the +7 Kryia's mail coat (worn) {PotionHeal*2 rC+}
   (Okawaru gifted it to you on level 10 of the Dungeon)

   It protects you from cold.
Jewellery
 x - an uncursed ring of resist corrosion
   (You found it on level 4 of the Dungeon)
 B - an amulet of magic regeneration (around neck)
   (You found it on level 5 of the Dungeon)
 M - a ring of poison resistance (right hand) {rPois, !d}
   (You found it on level 8 of the Dungeon)
 Q - a ring of positive energy (left hand) {rN+}
   (You found it on level 7 of the Dungeon)
 R - an uncursed ring of positive energy {rN+}
   (You found it on level 11 of the Dungeon)
 Y - an uncursed ring of see invisible {sInv, !d}
   (You found it on level 8 of the Dungeon)
Wands
 E - a wand of flame (39)
   (You found it on level 6 of the Dungeon)
 F - a wand of paralysis (16)
   (You found it on level 7 of the Dungeon)
 T - a wand of acid (13)
   (You found it on level 7 of the Dungeon)
Scrolls
 h - 12 scrolls of identify
 k - 5 scrolls of amnesia
 o - 2 scrolls of teleportation {unknown}
 p - 2 scrolls of fog {unknown}
 q - a scroll of summoning {unknown}
 t - 7 scrolls of remove curse
 u - a scroll of brand weapon {unknown}
 v - 2 scrolls of magic mapping {!r}
 G - 2 scrolls of enchant armour {unknown}
 J - a scroll of random uselessness {unknown}
 L - 2 scrolls of blinking {unknown}
 P - a scroll of enchant weapon
 S - 2 scrolls of silence {unknown}
Potions
 d - 3 potions of might
 j - 5 potions of curing {unknown}
 l - 3 potions of lignification {unknown}
 m - a potion of mutation {!q}
 n - 2 potions of ambrosia
 r - 5 potions of flight
 w - 2 potions of brilliance {unknown}
 z - 2 potions of haste
 D - 2 potions of resistance {unknown}
 N - 3 potions of invisibility {unknown}
 U - a potion of heal wounds
Books
 y - a book of Misfortune
   (You found it on level 1 of the Lair of Beasts)
 C - a book of Minor Magic
   (You found it on level 6 of the Dungeon)
 O - a book of Maledictions
   (You found it on level 7 of the Dungeon)
Miscellaneous
 s - a phantom mirror
Comestibles
 f - 35 rations


   Skills:
 + Level 11.4 Fighting
 - Level 12.0 Maces & Flails
 + Level 10.3 Armour
 - Level 3.5 Dodging
 + Level 10.4 Shields
 - Level 4.0 Spellcasting
 + Level 7.2 Invocations


You had 15 spell levels left.
You knew the following spells:

 Your Spells              Type           Power        Failure   Level  Hunger
a - Blink                 Tloc           N/A          86%         2    ###....
b - Call Imp              Summ           #.......     86%         2    ###....


Dungeon Overview and Level Annotations

Branches:
Dungeon (11/15)            Temple (1/1) D:4            Lair (2/6) D:11
 Spider (0/4) Lair:2          Orc (0/2) D:11
  Swamp: Lair:2-4    Shoals: Lair:2-4

Altars:
Ashenzari
Cheibriados
Dithmenos
Elyvilon
Fedhas
Gozag
Hepliaklqana
Kikubaaqudgha
Makhleb
Nemelex Xobeh
Okawaru
Qazlal
Ru
Sif Muna
Trog
Uskayaw
Vehumet
Wu Jian
Xom
Yredelemnul
Zin
The Shining One

Shops:
D:10 ?


Innate Abilities, Weirdness & Mutations

You reflexively headbutt those who attack you in melee.
You have a pair of horns on your head.
You are partially covered in rugged brown scales. (AC +1, +3% HP)
You have an increased reservoir of magic. (+10% MP)


Message History

(D) Dungeon (T) Temple (L) Lair (N) Spider Nest (O) Orcish Mines
Where to? (Enter - Lair:2 @ (x,y), ? - help)
What level of the Dungeon? (default 11, ? - help)
You climb upwards.
There is a stone staircase leading down here.
You enter the shallow water.
Moving in this stuff is going to be slow.
There is a staircase back to the Dungeon here.
You climb upwards.
Welcome back to the Dungeon!
There is a staircase to the Lair here.
A centaur comes into view.
The centaur shouts!
The centaur wields a shortbow.
The centaur shoots an arrow.
The arrow hits you.
You see here an arrow.
You are feeling hungry.
The centaur shoots an arrow.
You block the arrow.
You see here an arrow.
The centaur shoots an arrow.
The arrow hits you but does no damage.
You see here an arrow.
The centaur shoots an arrow.
You block the arrow.
You see here an arrow.
The centaur shoots an arrow.
You block the arrow.
You see here an arrow.
The centaur shoots an arrow.
The arrow hits you but does no damage.
The centaur shoots an arrow.
The arrow hits you.
You see here 2 arrows.
The centaur shoots an arrow.
The arrow hits you but does no damage.
You see here an arrow.
The centaur shoots an arrow.
The arrow hits you but does no damage.
You see here an arrow.
The centaur shoots an arrow.
The arrow barely misses you.
The centaur shoots an arrow.
The arrow closely misses you.
The centaur unwields an uncursed shortbow.
You block the centaur's attack.
You enter the shallow water.
Moving in this stuff is going to be slow.
You block the centaur's attack. The centaur hits you.
You block the centaur's attack. You block the centaur's attack.
The centaur wields an uncursed shortbow.
The centaur shoots an arrow.
The arrow hits you.
You see here an arrow.
The centaur unwields an uncursed shortbow.
The centaur hits you but does no damage.
You block the centaur's attack.
You hit the centaur. You headbutt the centaur!
The centaur is moderately wounded.
You hit the centaur. Lightning courses through the centaur!
The centaur is almost dead.
You block the centaur's attack.
You hit the centaur.
You kill the centaur!
Okawaru accepts your kill.
o - 2 scrolls labeled RAM VECWYWN (gained 1)
You see here an uncursed shortbow.
(D) Dungeon (T) Temple (L) Lair (N) Spider Nest (O) Orcish Mines
Where to? (Enter - D:1, ? - help)
What level of the Dungeon? (default 1, ? - help)
There is a stone staircase leading up, spattered with blood here.
You see here a +0 whip of flaming.
You climb upwards.
There is a stone staircase leading down here.
HP restored.
There is a stone staircase leading up here.
You climb upwards.
There is a stone staircase leading down here.
There is a stone staircase leading up here.
You climb upwards.
There is a stone staircase leading down here.
There is a stone staircase leading up here.
You climb upwards.
There is a stone staircase leading down here.
There is a stone staircase leading up here.
You climb upwards.
There is a stone staircase leading down here.
There is a stone staircase leading up here.
You climb upwards.
There is a stone staircase leading down here.
There is a stone staircase leading up here.
You climb upwards.
There is a stone staircase leading down here.
You open the door.
There is an open door here.
There is a stone staircase leading up here.
You climb upwards.
There is a stone staircase leading down here.
You see here a rapier.
There is a stone staircase leading up here.
You climb upwards.
There is a stone staircase leading down here.
There is a stone staircase leading up here.
You climb upwards.
There is a stone staircase leading down here.
You are feeling very hungry.
You see here a mace.
There is a staircase leading out of the dungeon here.
Are you sure you want to leave the Dungeon?
This will make you lose the game!
You have escaped!

#.#.##.##.##.##..........#.###
##.#..##..#...#..#............
######..#≈#..##..........>.###
#..##.####.##.#.##.........#
#.≈..§≈.#.##.##............# #
#.#≈≈#§###.#..#............# #
##.≈.#.#≈≈###.#............# #
##..#.#)##.#..#............###
#.###.##..#..@##.............#
##(###.#########............###
#...........###................
######.........................
#.........##..##...........
#######..........................
#................#...).##).......
.....##..............####........
...).............[...............


There were no monsters in sight!

Vanquished Creatures
  The ghost of zhorgal the Fighter, a journeyman CeGl of Okawaru (D:9)
  2 two-headed ogres (D:9)
  2 unseen horrors
  Pikel (D:7)
  An ugly thing (D:7)
  3 spiny frogs
  3 komodo dragons
  4 trolls
  3 jumping spiders (Lair:2)
  A polar bear (Lair:2)
  3 hippogriffs
  Sigmund (D:3)
  A wraith (D:7)
  2 wyverns
  3 water elementals
  4 yaks (D:10)
  A steam dragon (D:8)
  4 water moccasins (Lair:1)
  4 porcupines (Lair:1)
  7 ice beasts
  A slave (D:7)
  9 orc warriors
  2 black bears
  2 sky beasts
  2 phantoms
  A necrophage (D:11)
  6 wolves
  10 ogres
  A crocodile (Lair:1)
  4 centaurs
  5 big kobolds
  2 gnoll sergeants (D:11)
  8 bullfrogs
  Blork the orc (D:5)
  A wyvern zombie (D:7)
  A water moccasin zombie (D:5)
  3 scorpions
  4 killer bees (D:7)
  3 electric eels
  A howler monkey (D:4)
  8 crimson imps
  A quasit (D:7)
  A jelly (D:8)
  A bullfrog zombie (D:10)
  2 bullfrog skeletons
  7 orc priests
  7 hounds
  5 orc wizards
  7 centaur skeletons
  2 iguanas
  10 worker ants
  A killer bee zombie (D:9)
  A hound zombie (D:7)
  2 hound skeletons
  5 gnolls
  2 howler monkey skeletons
  16 adders
  2 shadow imps
  An ooze (D:5)
  2 adder skeletons
  2 adder zombies
  A worm (D:3)
  4 dart slugs (D:1)
  10 leopard geckos
  18 orcs
  8 bats
  7 giant cockroaches
  7 hobgoblins
  27 jackals
  2 quokkas
  2 frilled lizards
  11 goblins
  12 kobolds
  2 leopard gecko zombies
  11 rats
325 creatures vanquished.

Vanquished Creatures (others)
  An orc wizard (D:11)
  2 fungi (Lair:2)
  A plant (D:2)
4 creatures vanquished.

Grand Total: 329 creatures vanquished

Notes
Turn   | Place    | Note
-------+----------+-------------------------------------------
     0 | D:1      | sankara the Minotaur Fighter began the quest for the Orb.
     0 | D:1      | Reached XP level 1. HP: 19/19 MP: 0/0
   121 | D:1      | Reached skill level 3 in Maces & Flails
   121 | D:1      | Reached XP level 2. HP: 27/27 MP: 1/1
   146 | D:1      | Reached skill level 4 in Fighting
   480 | D:2      | Reached XP level 3. HP: 33/33 MP: 2/2
   487 | D:2      | Reached skill level 4 in Maces & Flails
  1140 | D:2      | Reached XP level 4. HP: 38/41 MP: 3/3
  1286 | D:2      | Found a faded altar of an unknown god.
  1658 | D:3      | Reached skill level 5 in Maces & Flails
  1664 | D:3      | Reached XP level 5. HP: 47/47 MP: 4/4
  1918 | D:3      | Reached skill level 5 in Fighting
  1949 | D:3      | HP: 12/48 [jackal (3)]
  1960 | D:3      | HP: 12/48 [jackal (2)]
  1966 | D:2      | HP: 12/48 [jackal (1)]
  2361 | D:2      | Reached skill level 6 in Maces & Flails
  2724 | D:3      | Noticed a phantom
  2732 | D:3      | Killed a phantom
  2732 | D:3      | Reached XP level 6. HP: 54/56 MP: 5/5
  2951 | D:3      | Noticed Sigmund
  2971 | D:3      | HP: 12/57 [something/puff of flame (8)]
  2976 | D:3      | Killed Sigmund
  2976 | D:3      | Reached skill level 6 in Fighting
  2976 | D:3      | Reached skill level 7 in Maces & Flails
  3342 | D:4      | Reached XP level 7. HP: 50/63 MP: 6/6
  3522 | D:4      | Reached skill level 8 in Maces & Flails
  3522 | D:4      | Reached skill level 4 in Shields
  3526 | D:4      | Reached skill level 4 in Armour
  3970 | D:4      | Found a staircase to the Ecumenical Temple.
  3976 | Temple   | Entered the Ecumenical Temple
  4307 | Temple   | Became a worshipper of Warmaster Okawaru
  4491 | D:5      | Entered Level 5 of the Dungeon
  4542 | D:5      | Noticed Blork the orc
  4557 | D:5      | Killed Blork the orc
  4833 | D:5      | Reached skill level 7 in Fighting
  4833 | D:5      | Reached XP level 8. HP: 61/73 MP: 7/7
  4950 | D:5      | Reached * piety under Okawaru
  4950 | D:5      | Reached skill level 9 in Maces & Flails
  5033 | D:5      | Reached skill level 5 in Armour
  5033 | D:5      | Reached skill level 5 in Shields
  5428 | D:6      | Found a shadowy altar of Dithmenos.
  5947 | D:6      | Learned a level 2 spell: Blink
  5950 | D:6      | Learned a level 2 spell: Call Imp
  6040 | D:6      | Reached ** piety under Okawaru
  6040 | D:6      | Reached skill level 10 in Maces & Flails
  6040 | D:6      | Reached skill level 1 in Dodging
  6112 | D:6      | Reached skill level 1 in Invocations
  6245 | D:6      | Reached XP level 9. HP: 81/81 MP: 8/8
  6347 | D:6      | Reached skill level 6 in Shields
  6387 | D:6      | Reached skill level 6 in Armour
  6686 | D:7      | You fall through a shaft for 2 floors!
  6686 | D:9      | Noticed zhorgal's ghost (journeyman CeGl)
  6690 | D:9      | Noticed a two-headed ogre
  6718 | D:8      | Reached skill level 8 in Fighting
  6773 | D:8      | Reached skill level 2 in Dodging
  6779 | D:8      | Reached skill level 1 in Spellcasting
  6828 | D:8      | Reached skill level 2 in Invocations
  7419 | D:7      | Noticed Pikel
  7432 | D:7      | Killed Pikel
  7432 | D:7      | Reached *** piety under Okawaru
  7432 | D:7      | Reached skill level 11 in Maces & Flails
  7432 | D:7      | Reached skill level 3 in Dodging
  7726 | D:7      | Noticed a purple ugly thing
  7736 | D:7      | Noticed a komodo dragon
  7771 | D:7      | Killed a purple ugly thing
  7771 | D:7      | Reached skill level 3 in Invocations
  7771 | D:7      | Reached XP level 10. HP: 60/90 MP: 9/11
  7794 | D:7      | Reached skill level 7 in Shields
  7804 | D:7      | Reached skill level 7 in Armour
  7804 | D:7      | Reached skill level 2 in Spellcasting
  7817 | D:7      | Reached **** piety under Okawaru
  8992 | D:8      | Reached skill level 9 in Fighting
  9236 | D:9      | HP: 21/91 [zhorgal's ghost (13)]
  9758 | D:9      | Killed zhorgal's ghost
  9758 | D:9      | Reached skill level 12 in Maces & Flails
  9758 | D:9      | Reached skill level 4 in Invocations
  9996 | D:9      | Killed a two-headed ogre
  9996 | D:9      | Reached skill level 8 in Armour
  9996 | D:9      | Reached skill level 8 in Shields
 10225 | D:9      | Found a basalt altar of Yredelemnul.
 10261 | D:9      | Reached skill level 3 in Spellcasting
 10476 | D:10     | Entered Level 10 of the Dungeon
 10477 | D:10     | Found Haruo's Magic Scroll Emporium.
 10478 | D:10     | Noticed a two-headed ogre
 10500 | D:9      | Reached ***** piety under Okawaru
 10685 | D:9      | HP: 10/91 [two-headed ogre/giant spiked club (28)]
 10692 | D:9      | Killed a two-headed ogre
 10692 | D:9      | Reached XP level 11. HP: 13/99 MP: 14/14
 11128 | D:10     | Noticed an unseen horror
 11146 | D:10     | Killed an unseen horror
 11146 | D:10     | Reached skill level 5 in Invocations
 11242 | D:10     | Reached skill level 10 in Fighting
 11575 | D:10     | Received a gift from Okawaru
 11576 | D:10     | Found the +7 Kryia's mail coat {PotionHeal*2 rC+}
 11794 | D:11     | Gained mutation: You have an increased reservoir of magic. (+10% MP) [potion of mutation]
 11794 | D:11     | Gained mutation: You are partially covered in rugged brown scales. (AC +1, +3% HP) [potion of mutation]
 11794 | D:11     | HP: 22/103 [drowned by a water elemental (9)]
 11796 | D:11     | HP: 10/154 [drowned by a water elemental (9)]
 11797 | D:11     | Reached skill level 9 in Shields
 11799 | D:11     | HP: 4/154 [wolf (3)]
 12279 | D:10     | Reached skill level 9 in Armour
 12653 | D:11     | HP: 21/104 [something (7)]
 12663 | D:11     | HP: 10/104 [something (7)]
 12667 | D:11     | HP: 3/104 [something (2)]
 12668 | D:11     | Killed an unseen horror
 13085 | D:11     | Reached skill level 4 in Spellcasting
 13124 | D:11     | Found a staircase to the Orcish Mines.
 13129 | D:11     | Reached skill level 6 in Invocations
 13541 | D:11     | Found a staircase to the Lair.
 13884 | D:11     | Got a pair of spiked gloves
 13885 | D:11     | Identified the +0 pair of gloves of Love and Death {rF+ Stlth+} (You found it on level 11 of the Dungeon)
 13936 | Lair:1   | Entered Level 1 of the Lair of Beasts
 14186 | Lair:1   | Reached skill level 11 in Fighting
 14222 | Lair:1   | Reached XP level 12. HP: 68/113 MP: 18/18
 14508 | Lair:1   | Reached skill level 10 in Armour
 14508 | Lair:1   | Reached skill level 10 in Shields
 14583 | Lair:1   | Received a gift from Okawaru
 14584 | Lair:1   | Got a shimmering robe {god gift}
 14595 | Lair:1   | Identified the +1 robe of Limitation {Str+4} (Okawaru gifted it to you on level 1 of the Lair of Beasts)
 14926 | Lair:2   | Reached skill level 7 in Invocations
 14961 | Lair:2   | Found a hole to the Spider Nest.
 15458 | D:$      | Got out of the dungeon alive.

Skill      XL: |  1  2  3  4  5  6  7  8  9 10 11 12 |
---------------+-------------------------------------+-----
Maces & Flails | 3 4 5 6 7 8 10 11 12 | 12.0
Fighting       | 4 5 6 7 8 9 11 | 11.4
Shields        | 4 5 6 8 9 10 | 10.4
Armour         | 4 5 6 8 9 10 | 10.3
Dodging        | 1 3 |  3.5
Invocations    | 1 3 4 6 7 |  7.2
Spellcasting   | 1 3 4 |  4.0

Action                   |  1- 3 |  4- 6 |  7- 9 | 10-12 || total
-------------------------+-------+-------+-------+-------++-------
Melee: Flail             |    88 |   160 |   342 |       ||   590
       Headbutt          |     9 |    28 |    72 |   179 ||   288
       Whip              |       |       |    51 |   816 ||   867
 Fire: Hunting sling     |       |       |       |    18 ||    18
 Cast: Call Imp          |       |       |       |     1 ||     1
Invok: Heroism           |       |       |     2 |     9 ||    11
       Finesse           |       |       |       |     2 ||     2
  Use: Potion            |       |     1 |     5 |     5 ||    11
       Scroll            |       |       |     8 |     1 ||     9
  Eat: Chunk             |     1 |     7 |    14 |    24 ||    46
Armor: Scale mail        |    37 |    56 |    44 |    29 ||   166
       Quicksilver drago |       |       |    65 |   141 ||   206
Dodge: Dodged            |    35 |    45 |    97 |   219 ||   396
Block: Shield            |    56 |    90 |   157 |   336 ||   639

Vault maps used:
D:1:      dpeg_arrival_brainrot, st_stairs_9
D:2:      chequers_ecumenical_altar_island, serial_bayou_lagoon_a
D:3:      uniq_sigmund
D:4:      minmay_temple_entry_hall
D:5:      first_ration, uniq_blork_the_orc
D:6:      nicolae_dithmenos_shadow_blocks
D:7:      minmay_the_grid_four_pointed_star, grunt_ogre_cave, uniq_pikel
D:8:      st_stairs_11
D:9:      kennysheep_mini
D:10:     serial_shops, shop
D:11:     erik_lair_island, kennysheep_orc_monster_closet_entryway,
          hangedman_abyss_or_decor_passed
Temple:   regret_index_temple_sigil_plot
Lair:1:   minivault_19, grunt_megastairs_5, infiniplex_staircase_pool
Lair:2:   spider_nest_entry_a

Table legend:
 A = Turns spent in this place as a percentage of turns spent in the entire game.
 B = Non-inter-level travel turns spent in this place as a percentage of non-inter-level travel turns spent in the entire game.
 C = Inter-level travel turns spent in this place as a percentage of turns spent in this place.
 D = Turns resting spent in this place as a percentage of non-inter-level travel turns spent in this place.
 E = Turns spent auto-exploring this place as a percentage of non-inter-level travel turns spent in this place.
 F = Non-inter-level travel turns spent in this place divided by the number of levels of this place that you've seen.
                   A       B       C       D       E      F
               +-------+-------+-------+-------+-------+----------------------
         Total | 100.0 | 100.0 |   4.0 |  34.9 |  44.0 | 1059.8
       Dungeon |  89.2 |  89.4 |   3.8 |  38.1 |  41.0 | 1205.7
        Temple |   2.3 |   2.1 |  11.7 |   0.0 |  99.0 | 309.0
          Lair |   8.6 |   8.5 |   4.6 |  10.5 |  62.7 | 632.5
               +-------+-------+-------+-------+-------+----------------------

Table legend:
 A = Kills in this place as a percentage of kills in entire the game.
 B = Kills by you in this place as a percentage of kills by you in the entire game.
 C = Kills by friends in this place as a percentage of kills by friends in the entire game.
 D = Other kills in this place as a percentage of other kills in the entire game.
 E = Experience gained in this place as a percentage of experience gained in the entire game.
 F = Experience gained in this place divided by the number of levels of this place that you have seen.
                   A       B       C       D       E      F
               +-------+-------+-------+-------+-------+----------------------
         Total | 100.0 | 100.0 |   N/A |   N/A | 100.0 | 1871.9
       Dungeon |  92.0 |  92.0 |   N/A |   N/A |  79.5 | 1894.7
          Lair |   8.0 |   8.0 |   N/A |   N/A |  20.5 | 2682.5
               +-------+-------+-------+-------+-------+----------------------
